 Dungeon Crawl Stone Soup version 0.32-a0-516-g94ed278cf8 (webtiles) character file.

Game seed: 995735788206177524

9 Theblade121 the Trooper (level 2, 24/24 HPs)
             Began as a Demonspawn Monk on Feb 27, 2024.
             Quit the game on level 1 of the Dungeon.
             The game lasted 00:01:29 (431 turns).

Theblade121 the Trooper (Demonspawn Monk)            Turns: 431, Time: 00:01:30

Health: 24/24      AC:  3    Str: 11    XL:     2   Next: 3%
Magic:  2/2        EV: 12    Int: 10    God:
Gold:   0          SH:  0    Dex: 15    Spells: 1/1 levels left

rFire   x . .        e - +0 whip
rCold   + . .        (no shield)
rNeg    . . .        f - +0 robe
rPois   .            (no helmet)
rElec   .            (no cloak)
rCorr   .            (no gloves)
SInv    .            a - +0 pair of boots
Will    .....        (no amulet)
Stlth   +            c - ring of ice
HPRegen 0.24/turn    (no ring)
MPRegen 0.16/turn

%: no passive effects
@: no status effects
A: magic regeneration
a: no special abilities


You were on level 1 of the Dungeon.
You visited 1 branch of the dungeon, and saw 1 of its levels.

Inventory:

Hand Weapons
 e - a +0 whip (weapon)
Armour
 a - a +0 pair of boots (worn)
 f - a +0 robe (worn)
Jewellery
 c - a ring of ice (left hand)
Potions
 b - a potion of ambrosia
 d - a potion of heal wounds {unknown}


   Skills:
 * Level 3.6 Fighting
 - Level 2.6 Dodging
 - Level 2.6 Unarmed Combat


You had one spell level left.
You didn't know any spells.
Your spell library was empty.

Dungeon Overview and Level Annotations

Branches:
Dungeon (1/15)

Altars:


Innate Abilities, Weirdness & Mutations

You regenerate magic rapidly.


Message History

The kobold hits you with a +0 whip.
You hit the kobold.
You kill the kobold!
You see here a +0 whip.
e - a +0 whip
e - a +0 whip (weapon)
There is an open door here.
f - a scroll labelled WUQUL GIUQE
As you read the scroll labelled WUQUL GIUQE, it crumbles to dust.
A profound silence engulfs you.
It was a scroll of silence.
A goblin comes into view. It is wielding a +0 club.
The goblin closely misses you.
You closely miss the goblin. The goblin hits you with a +0 club.
You barely miss the goblin. The goblin hits you with a +0 club.
You hit the goblin.
You kill the goblin!
You see here a +0 club.
Your hearing returns.
Found a robe.
A bat comes into view.
The bat hits you.
You barely miss the bat. The bat closely misses you.
You barely miss the bat. The bat barely misses you. The bat barely misses you.
The bat misses you.
You closely miss the bat. The bat misses you. The bat hits you.
You hit the bat.
You kill the bat!
You see here a +0 robe.
f - a +0 robe You start putting on your armour.
You continue putting on your +0 robe. x4
You finish putting on your +0 robe.
A ball python comes into view.
The ball python hisses angrily.
You hit the ball python.
You kill the ball python!
You have reached level 2!
Your demonic ancestry asserts itself...
Your magic begins to regenerate rapidly.
Are you sure you want to abandon this character and quit the game? (Confirm with "yes".)

#..............
###......##......
#........##......
#........##......
#.....###........
+.....+..........
#####.....##.........
###.........##.......##
#....†@......#.......#
#............# ....
#............+
#............#
#......##......
......................
......................
.....
......................
......
........#.........


There were no monsters in sight!

Vanquished Creatures
  2 ball pythons (D:1)
  4 bats (D:1)
  A goblin (D:1)
  A kobold (D:1)
  2 rats (D:1)
10 creatures vanquished.

Notes
Turn   | Place    | Note
-------+----------+-------------------------------------------
     0 | D:1      | Theblade121 the Demonspawn Monk began the quest for the
                  | Orb.
     0 | D:1      | Reached XP level 1. HP: 18/18 MP: 1/1
   431 | D:1      | Gained mutation: You regenerate magic rapidly. [demonic
                  | ancestry]
   431 | D:1      | Reached XP level 2. HP: 24/24 MP: 2/2
   431 | D:1      | Quit the game

Illustrated notes

Levels and vault maps discovered:
D:1:      nicolae_arrival_memento_mori, layout_basic, st_stairs_6

Action                     || total
---------------------------++-------
  Melee: Unarmed           ||    29
         Whip              ||     8
    Use: Scroll            ||     1
 Armour: Skin              ||    23
  Dodge: Dodged            ||    30

Table legend: (Time is in decaauts)
 A = Elapsed time spent in this place.
 B = Non-inter-level travel time spent in this place.
 C = Inter-level travel time spent in this place.
 D = Time resting spent in this place.
 E = Time spent auto-exploring this place.
 F = Levels seen in this place.
 G = Mean time per level.
                   A        B        C        D        E       F      G
               +--------+--------+--------+--------+--------+-----+--------+
         Total |    428 |    428 |      0 |      0 |    291 |   1 |  428.0 |
       Dungeon |    428 |    428 |      0 |      0 |    291 |   1 |  428.0 |
               +--------+--------+--------+--------+--------+-----+--------+

Top non-repeatable levels by time:
     D:1: 428 daAuts
